[Event "RUS-chT Blitz Women 2018"]
[Site "Sochi"]
[Date "2018.10.10"]
[Round "2"]
[White "Shestakova, Ekaterina"]
[Black "Ershova, Margarita"]
[Result "1/2-1/2"]
[ECO "A46"]
[WhiteElo "1886"]
[BlackElo "1511"]
[Annotator "NA"]
[PlyCount "92"]
[EventDate "2018.10.10"]
[EventType "swiss"]
[EventCountry "RUS"]
[SourceTitle "playchess.com"]
[Source "ChessBase"]
[SourceQuality "1"]
[TimeControl "180+2"]

1. d4 Nf6 2. Nf3 d5 3. g3 e6 4. Bg2 Be7 5. O-O O-O 6. c4 c6 7. cxd5 exd5 8. Nc3 Re8 9. Bf4 Nbd7 10. Rc1 Nf8 11. a3 Bf5 12. Nh4 Be6 13. Nf3 Ng6 14. Bg5 h6 15. Bxf6 Bxf6 16. e3 Qd7 17. Na4 b6 18. Qc2 Rac8 19. Qd2 Bh3 20. Nc3 Bxg2 21. Kxg2 Ne7 22. b4 Nf5 23. Qd3 Nd6 24. Nd2 h5 25. Qe2 Qf5 26. Qf3 Qg6 27. Rfe1 Re6 28. h3 Rce8 29. Ne2 Nc8 30. Nf4 Qh7 31. Nxe6 Rxe6 32. Nb1 Qg6 33. Nc3 Ne7 34. Ne2 Bg5 35. Nf4 Bxf4 36. Qxf4 Nf5 37. Rc3 Kh7 38. Rec1 Ne7 39. Qf3 f5 40. Qf4 Qf6 41. h4 Ng6 42. Qf3 Kh6 43. R1c2 Ne7 44. Qf4+ Kh7 45. Qf3 Kh6 46. Qf4+ Kh7 1/2-1/2

[Event "RUS-chT Blitz Women 2018"]
[Site "Sochi"]
[Date "2018.10.10"]
[Round "2"]
[White "Fairuzova, Zulfiiya"]
[Black "Zhurova, Anna"]
[Result "1-0"]
[ECO "B01"]
[WhiteElo "1847"]
[BlackElo "1947"]
[Annotator "NA"]
[PlyCount "120"]
[EventDate "2018.10.10"]
[EventType "swiss"]
[EventCountry "RUS"]
[SourceTitle "playchess.com"]
[Source "ChessBase"]
[SourceQuality "1"]
[TimeControl "180+2"]

1. e4 d5 2. exd5 Qxd5 3. Nc3 Qd6 4. d4 Nf6 5. Nf3 c6 6. Be2 Bg4 7. h3 Bh5 8. O-O e6 9. Be3 Nbd7 10. Qd2 Qc7 11. Bf4 Bd6 12. Bxd6 Qxd6 13. Rad1 O-O 14. g4 Bg6 15. Nh4 Rad8 16. Nxg6 hxg6 17. Bf3 Nb6 18. b3 Nbd5 19. Nxd5 Nxd5 20. Bxd5 Qxd5 21. c4 Qf3 22. Qe3 Qf6 23. f4 Kh7 24. Qe5 Qh4 25. Kg2 Rh8 26. Qe1 Qh6 27. Qg3 Kg8 28. g5 Qh5 29. Qf3 Qxf3+ 30. Rxf3 Kf8 31. Re3 Rh4 32. Kg3 Rh8 33. Re5 Ke8 34. d5 Rd7 35. Rde1 cxd5 36. cxd5 Kd8 37. dxe6 fxe6 38. Rxe6 Rd2 39. R1e2 Rd3+ 40. R6e3 Rd6 41. h4 Kd7 42. Re7+ Kc8 43. Rxg7 Rd3+ 44. Kg4 Rd6 45. Ree7 b6 46. Rc7+ Kb8 47. Rb7+ Ka8 48. Rxa7+ Kb8 49. Rgb7+ Kc8 50. Rh7 Rxh7 51. Rxh7 Rd2 52. Ra7 Kb8 53. Rg7 Rxa2 54. Rxg6 Rb2 55. Rxb6+ Kc7 56. Rb4 Kc6 57. h5 Kc5 58. Rb8 Rg2+ 59. Kf3 Rh2 60. h6 Kd5 1-0